 Dungeon Crawl Stone Soup version 0.30.1-11-g7821555f0a (webtiles) character file.

Game seed: 15827627949654548767

16267 Benefits7639 the Severer (level 12, -2/96 HPs)
             Began as a Hill Orc Fighter on Dec 11, 2023.
             Was a Priest of Trog.
             Slain by a nine-headed hydra (7 damage)
             ... on level 3 of the Lair of Beasts on Dec 12, 2023.
             The game lasted 01:00:14 (12156 turns).

Benefits7639 the Severer (Hill Orc Fighter)        Turns: 12156, Time: 01:00:16

Health: -2/96      AC: 19    Str: 30    XL:     12   Next: 35%
Magic:  12/12      EV: 11    Int:  8    God:    Trog [***...]
Gold:   242        SH:  5    Dex: 10    Spells: 11/11 levels left

rFire   + . .        r - +2 hand axe (distort)
rCold   . . .        c - +0 buckler
rNeg    . . .        K - +6 scale mail {rF+}
rPois   +            g - +1 helmet
rElec   .            (no cloak)
rCorr   .            (no gloves)
SInv    .            b - +0 pair of boots
Will    ++...        (no amulet) Stlth
                     O - +6 ring of strength
HPRegen 1.36/turn    V - +4 ring of slaying
MPRegen 0.13/turn

%: no passive effects
@: about to teleport, strong-willed, on berserk cooldown, regenerating, slowed,
very slow
A: frail 1, poison resistance
a: Renounce Religion, Berserk, Trog's Hand


You were on level 3 of the Lair of Beasts.
You worshipped Trog.
Trog was most pleased with you.
You visited 3 branches of the dungeon, and saw 13 of its levels.

You collected 606 gold pieces.
You spent 364 gold pieces at shops.

Inventory:

Hand Weapons
 k - a +3 scimitar of freezing
 p - the +6 spear of Irrepressible Laughter {freeze, Str+3}
   (You took it off a spriggan rider on level 2 of the Lair of Beasts)

   Str:       It affects your strength (+3).
 r - a +2 hand axe of distortion (weapon)
 s - a +2 quarterstaff of chaos
 u - a +2 heavy hammer
 v - a +2 whip of flaming
 x - a +3 dagger
 F - a +4 battleaxe
 L - a +4 long sword of holy wrath
 P - a -1 demon whip of venom
Missiles
 e - 112 stones
 f - 20 poisoned darts (quivered)
 i - a curare-tipped dart
Armour
 b - a +0 pair of boots (worn)
 c - a +0 buckler (worn)
 g - a +1 helmet (worn)
 K - a +6 scale mail of fire resistance (worn)
Jewellery
 m - a ring of magical power
 O - a +6 ring of strength (left hand)
 V - a +4 ring of slaying (right hand)
Wands
 d - a wand of polymorph (10)
 z - a wand of iceblast (9)
 D - a wand of paralysis (17)
 J - a wand of flame (19)
 Q - a wand of mindburst (1)
Scrolls
 a - 3 scrolls of amnesia
 h - a scroll of enchant armour
 n - a scroll of blinking
 o - a scroll of butterflies
 w - 2 scrolls of poison
 B - a scroll of silence
 H - a scroll of identify
 I - 3 scrolls of teleportation
 U - a scroll of torment
Potions
 j - 4 potions of flight
 l - 4 potions of curing
 A - 3 potions of lignification
 M - a potion of resistance
 T - a potion of haste
Miscellaneous
 C - a lightning rod (4/4)


   Skills:
 + Level 10.5 Fighting
 + Level 15.5(15.7) Axes
 + Level 3.3(9.2) Maces & Flails
 + Level 1.1 Throwing
 + Level 11.3 Armour
 + Level 3.5 Dodging
 + Level 1.8 Stealth
 + Level 8.3 Shields
 + Level 1.7 Unarmed Combat


You had 11 spell levels left.
You didn't know any spells.
Your spell library contained the following spells:

 Spells                   Type           Power      Damage    Failure   Level
 Ensorcelled Hibernation  Hex/Ice        0%         N/A       78%         2
 Passwall                 Tmut/Erth      0%         N/A       78%         2
 Gell's Gravitas          Tloc           0%         N/A       95%         3
 Swiftness                Air            0%         N/A       95%         3
 Teleport Other           Tloc           0%         N/A       95%         3
 Volatile Blastmotes      Fire/Tloc      0%         2d10      95%         3
 Fulminant Prism          Conj/Hex       0%         3d5       100%        4
 Iskenderun's Mystic Bla  Conj/Tloc      0%         2d3       100%        4
 Lee's Rapid Deconstruct  Erth           0%         3d4*      100%        5
 Dispersal                Tloc           0%         N/A       100%        6


Dungeon Overview and Level Annotations

Branches:
Dungeon (9/15)             Temple (1/1) D:5            Lair (3/5) D:9
  Swamp (0/4) Lair:2
  Snake: Lair:2-3    Spider: Lair:2-3       Orc: D:9-12

Altars:
Ashenzari
Cheibriados
Dithmenos
Elyvilon
Fedhas
Gozag
Hepliaklqana
Kikubaaqudgha
Makhleb
Nemelex Xobeh
Okawaru
Qazlal
Ru
Sif Muna
Trog
Uskayaw
Vehumet
Wu Jian
Xom
Yredelemnul
Zin
The Shining One

Shops:
D:6 [

Annotations:
Abyss:1 Edmund; Fractals's ghost, amateur OgHu; Pikel


Innate Abilities, Weirdness & Mutations

You are frail. (-10% HP)
Your system is resistant to poisons. (rPois)


Message History

You block the nine-headed hydra's attack.
The nine-headed hydra bites you.
The nine-headed hydra bites you but does no damage. x2
The dire elephant misses you. You block the dire elephant's attack.
You barely miss the nine-headed hydra.
The nine-headed hydra is lightly wounded.
You hit the dire elephant.
Space warps horribly around the dire elephant!
You hit the wolf.
The wolf blinks!
The nine-headed hydra bites you but does no damage.
You block the nine-headed hydra's attack. x2
The nine-headed hydra bites you!
The nine-headed hydra closely misses you.
The nine-headed hydra bites you!
The nine-headed hydra bites you but does no damage.
The nine-headed hydra bites you. The nine-headed hydra bites you!
The dire elephant closely misses you.
The dire elephant trunk-slaps you but does no damage.
Unknown command.
Unknown command.
As you read the scroll of teleportation, it crumbles to dust.
You feel strangely unstable. The wolf completely misses you.
The nine-headed hydra bites you.
You block the nine-headed hydra's attack.
The nine-headed hydra bites you but does no damage.
You block the nine-headed hydra's attack.
The nine-headed hydra bites you but does no damage. x2
You block the nine-headed hydra's attack.
The nine-headed hydra bites you!
The nine-headed hydra bites you but does no damage.
The wolf misses you. The wolf bites you! The dire elephant tramples you!
* * * LOW HITPOINT WARNING * * *
You stumble backwards!
The nine-headed hydra bites you but does no damage.
The nine-headed hydra bites you!
* * * LOW HITPOINT WARNING * * *
The nine-headed hydra misses you. The nine-headed hydra bites you!
* * * LOW HITPOINT WARNING * * *
The nine-headed hydra bites you!
You die...

.......#P........
...P.....)........
....#.....P.......
..................
..........†......#
.......†.........#
..................
........h........#
.......Y.Y@.......
........hD.......#
..............P#.#
...........>..##
................
/..........#.....
...........#..#...
≈.................


You could see a dire elephant, a nine-headed hydra, an elephant and 2 wolves.

Vanquished Creatures
  The ghost of andronian the Spear-Bearer, a journeyman MfMo of Okawaru (Lair:2)
  Amaemon (D:9)
  A manticore (D:8)
  A black mamba (Lair:1)
  6 elephants
  A torpor snail (Lair:1)
  3 cane toads
  An orange demon (D:9)
  An unseen horror (D:8)
  A rime drake (Lair:2)
  3 komodo dragons
  A queen bee (shapeshifter) (D:8)
  A troll (D:8)
  A hornet (Lair:2)
  A polar bear (shapeshifter) (D:8)
  A slime creature (D:8)
  Sigmund (D:3)
  2 spriggans (Lair:2)
  A yak (D:8)
  A wraith (D:9)
  4 wyverns
  Eustachio (D:6)
  2 basilisks (Lair:2)
  8 water moccasins
  An ice beast (D:8)
  2 orc warriors (D:6)
  5 black bears
  3 sky beasts (D:7)
  2 ogres
  13 wolves
  A centaur (D:8)
  A lemure (D:6)
  A kobold brigand (D:8)
  8 bullfrogs
  3 scorpions
  6 wights
  6 killer bees
  An electric eel (Lair:2)
  A howler monkey (D:8)
  3 hounds
  2 jellies
  4 orc priests
  Crazy Yiuf (D:3)
  2 sleepcaps
  Jessica (D:3)
  An iguana (D:5)
  Natasha (D:4)
  5 orc wizards
  Robin (D:2)
  4 gnolls (D:4)
  8 adders
  2 shadow imps
  A white imp (D:8)
  An ufetubus (D:5)
  2 worms (D:3)
  32 orcs
  8 ball pythons
  6 endoplasms
  2 giant cockroaches
  11 goblins
  4 hobgoblins (D:2)
  2 jackals (D:4)
  15 kobolds
  4 quokkas
  5 bats
  4 frilled lizards
  9 rats
240 creatures vanquished.

Notes
Turn   | Place    | Note
-------+----------+-------------------------------------------
     0 | D:1      | Benefits7639 the Hill Orc Fighter began the quest for the
                  | Orb.
     0 | D:1      | Reached XP level 1. HP: 19/19 MP: 1/1
   323 | D:1      | Reached XP level 2. HP: 27/27 MP: 2/2
   527 | D:1      | Reached skill level 3 in Axes
   857 | D:2      | Noticed Robin
   876 | D:2      | Killed Robin
   877 | D:2      | Reached XP level 3. HP: 33/33 MP: 3/3
  1048 | D:2      | Reached skill level 4 in Axes
  1120 | D:2      | Reached XP level 4. HP: 40/40 MP: 4/4
  1597 | D:3      | Gained mutation: You are frail. (-10% HP) [potion of
                  | mutation]
  1597 | D:3      | Gained mutation: Your system is resistant to poisons.
                  | (rPois) [potion of mutation]
  1605 | D:3      | Reached skill level 1 in Unarmed Combat
  1981 | D:3      | Reached skill level 1 in Maces & Flails
  2042 | D:3      | Noticed Sigmund
  2048 | D:3      | Killed Sigmund
  2049 | D:3      | Reached XP level 5. HP: 31/42 MP: 5/5
  2049 | D:3      | Reached XP level 6. HP: 34/47 MP: 6/6
  2103 | D:3      | Noticed Jessica
  2105 | D:3      | Killed Jessica
  2221 | D:3      | Reached skill level 5 in Axes
  2235 | D:3      | Found a glowing drain.
  2392 | D:3      | Found a runed translucent door.
  2393 | D:3      | Noticed Crazy Yiuf
  2400 | D:3      | Killed Crazy Yiuf
  2706 | D:4      | Reached XP level 7. HP: 31/54 MP: 7/7
  3056 | D:4      | Noticed Natasha
  3065 | D:4      | Killed Natasha
  3066 | D:4      | Reached skill level 6 in Axes
  3188 | D:4      | Found a large runed translucent door.
  3189 | D:4      | Found a large runed translucent door.
  3191 | D:4      | Noticed Fractals's ghost (amateur OgHu)
  3206 | D:4      | Banished Fractals's ghost
  3207 | D:4      | Reached skill level 5 in Fighting
  3207 | D:4      | Reached skill level 7 in Axes
  3207 | D:4      | Reached skill level 5 in Armour
  3207 | D:4      | Reached XP level 8. HP: 54/61 MP: 8/8
  3675 | D:5      | Entered Level 5 of the Dungeon
  3699 | D:5      | Reached skill level 8 in Axes
  3769 | D:5      | Found a staircase to the Ecumenical Temple.
  3844 | Temple   | Entered the Ecumenical Temple
  4151 | Temple   | Became a worshipper of Trog the Wrathful
  4359 | D:5      | Reached skill level 9 in Axes
  4373 | D:5      | Identified the +0 ring mail "Kaucuk" {rN+ Will+ Str-5}
  4790 | D:6      | Noticed Pikel
  4799 | D:6      | Banished Pikel
  4800 | D:6      | Reached skill level 10 in Axes
  4800 | D:6      | Reached XP level 9. HP: 56/67 MP: 9/9
  4920 | D:6      | Reached skill level 1 in Stealth
  5073 | D:6      | Noticed Edmund
  5087 | D:6      | Banished Edmund
  5088 | D:6      | Reached skill level 5 in Shields
  5099 | D:6      | Identified the +2 ring mail of Noughts and Crosses {rPois
                  | rC+ Str-2}
  5199 | D:6      | Found a sparkling altar of Nemelex Xobeh.
  5222 | D:6      | Reached skill level 11 in Axes
  5416 | D:6      | Reached * piety under Trog
  5473 | D:6      | Noticed Eustachio
  5616 | D:6      | Found Ziebass's Armour Shoppe.
  5686 | D:6      | Killed Eustachio
  5716 | D:6      | Found a radiant altar of Vehumet.
  5748 | D:6      | Found a shimmering altar of Xom.
  5748 | D:6      | Found an iron altar of Okawaru.
  6745 | D:7      | Reached XP level 10. HP: 75/75 MP: 10/10
  6983 | D:6      | Bought a +3 scale mail of fire resistance for 364 gold
                  | pieces
  7035 | D:7      | Reached skill level 12 in Axes
  7753 | D:8      | Noticed a manticore
  7762 | D:8      | Killed a manticore
  7845 | D:8      | Found a large runed translucent door.
  7845 | D:8      | Found a large runed translucent door.
  7878 | D:8      | Reached skill level 1 in Dodging
  7878 | D:8      | Found a large runed translucent door.
  7878 | D:8      | Found a large runed translucent door.
  7942 | D:8      | Reached ** piety under Trog
  7991 | D:8      | Reached skill level 13 in Axes
  8436 | D:8      | Found an opulent altar of Gozag.
  8866 | D:8      | Killed an unseen horror
  8867 | D:8      | Reached skill level 1 in Throwing
  9273 | D:9      | Noticed Amaemon
  9282 | D:9      | Noticed an orange demon
  9305 | D:9      | Reached XP level 11. HP: 46/84 MP: 11/11
  9307 | D:9      | Killed Amaemon
  9308 | D:9      | Reached skill level 14 in Axes
  9546 | D:9      | Found a white marble altar of Elyvilon.
  9717 | D:9      | Found a staircase to the Lair.
  9746 | Lair:1   | Entered Level 1 of the Lair of Beasts
 10155 | Lair:1   | Reached skill level 10 in Armour
 10298 | Lair:1   | Noticed a death yak
 10303 | Lair:1   | Noticed a death yak
 10903 | Lair:2   | Found a staircase to the Swamp.
 11161 | Lair:2   | Found a runed translucent door.
 11369 | Lair:2   | Reached skill level 15 in Axes
 11373 | Lair:2   | Reached skill level 10 in Fighting
 11373 | Lair:2   | Reached XP level 12. HP: 86/95 MP: 12/12
 11501 | Lair:2   | Reached *** piety under Trog
 11580 | Lair:2   | Identified the +6 spear of Irrepressible Laughter {freeze,
                  | Str+3}
 11580 | Lair:2   | Noticed andronian's ghost (journeyman MfMo)
 11599 | Lair:2   | Killed andronian's ghost
 12130 | Lair:3   | Noticed an eight-headed hydra
 12148 | Lair:3   | Noticed a dire elephant
 12156 | Lair:3   | Slain by a nine-headed hydra

Illustrated notes

Levels and vault maps discovered:
D:1:      matt_arrival_refuge, layout_loops_ring, minmay_misc_feat_four_crosses
D:2:      layout_loops_cross, uniq_robin
D:3:      layout_loops_cross, portal_sewer_entry_e, uniq_jessica,
          uniq_crazy_yiuf_cottage, uniq_sigmund
D:4:      layout_loops_corners, ebering_ghost_disaster_area,
          hangedman_abyss_or_decor_stagger, moated_statue, uniq_natasha
D:5:      layout_cave_pools, minmay_temple_entry_wispy
D:6:      layout_rooms, nemelex_diamond_rough_becter,
          mainiacjoe_overflow_chevrons, minitemple, serial_shops, shop,
          serial_co_window_serial, co_window_corner_a, co_window_paths_b,
          co_window_paths_b, co_window_paths_a, co_window_paths_b,
          co_window_of_opportunity_a, co_window_corner_a, co_window_corner_a,
          co_window_of_opportunity_a, co_window_paths_c, co_window_broadway_c,
          co_window_broadway_b, co_window_of_opportunity_c,
          co_window_broadway_b, glass_columns_a, glass_columns_a,
          glass_columns_a, uniq_pikel, uniq_eustachio, uniq_edmund
D:7:      layout_layer_cave, chequers_decorated_corner
D:8:      layout_layer_cave, kennysheep_little_box,
          minmay_hollow_rounded_squares
D:9:      layout_loops_corners, mainiacjoe_overflow_24_doors, dpeg_oklobed_lair,
          enter_bailey_3, ebering_ghost_reflecting_pool, uniq_amaemon
Temple:   compressed_dpeg_triangle_lava_temple
Lair:1:   layout_loops_ring
Lair:2:   layout_regular_city, swamp_mist_pool, ebering_ghost_funeral_grove
Lair:3:   layout_cave_shapes, nicolae_spider_entry_lesser_pyramids,
          nicolae_lair_grazing_beasts [nicolae_sub_lair_graze_edge,
          nicolae_sub_lair_graze_edge, nicolae_sub_lair_graze_edge,
          nicolae_sub_lair_graze_edge], grunt_megastairs_2

Skill      XL: |  1  2  3  4  5  6  7  8  9 10 11 12 |
---------------+-------------------------------------+-----
Axes           | 3 4 5 7 10 11 13 15 | 15.5
Unarmed Combat | 1 |  1.7
Fighting       | 4 5 6 8 10 | 10.5
Maces & Flails | 2 3 |  3.3
Armour         | 4 5 6 8 9 10 11 | 11.3
Shields        | 4 5 6 7 8 |  8.3
Stealth        | 1 |  1.8
Dodging        | 1 2 3 |  3.5
Throwing       | 1 |  1.1

Action                     |  1- 3 |  4- 6 |  7- 9 | 10-12 || total
---------------------------+-------+-------+-------+-------++-------
  Melee: War axe           |    46 |       |       |       ||    46
         Unarmed           |    13 |       |       |       ||    13
         Whip              |    18 |    45 |       |       ||    63
         Hand axe          |       |    71 |   207 |   348 ||   626
  Throw: Stone             |     1 |       |       |     1 ||     2
         Dart              |       |       |       |     4 ||     4
 Invoke: Trog's Hand       |       |       |       |     3 ||     3
         Berserk           |       |       |       |     3 ||     3
    Use: Scroll            |     2 |     2 |     7 |     9 ||    20
         Potion            |     4 |     4 |     2 |     4 ||    14
 Armour: Scale mail        |    30 |     5 |     3 |   142 ||   180
         Skin              |     2 |       |       |       ||     2
         Plate armour      |       |    41 |    94 |       ||   135
  Dodge: Dodged            |    45 |    27 |    40 |   127 ||   239
  Block: Buckler           |    15 |    11 |    38 |    64 ||   128
